 Dungeon Crawl Stone Soup version 0.22.0 (webtiles) character file.

11333 Blackhawk the Blocker (level 12, -2/97 HPs)
             Began as a Formicid Fighter on Oct 23, 2018.
             Was a High Priest of Makhleb.
             Slain by a white ugly thing (21 damage)
             ... on level 10 of the Dungeon.
             The game lasted 00:52:06 (12568 turns).

Blackhawk the Blocker (Formicid Fighter)           Turns: 12568, Time: 00:52:07

Health: -2/97      AC: 22    Str: 28    XL:     12   Next: 6%
Magic:  12/12      EV:  5    Int:  8    God:    Makhleb [*****.]
Gold:   978        SH: 13    Dex: 11    Spells: 11/11 levels left

rFire    . . .     SeeInvis +   O - +6 hand axe of Nagep {chop, Str+3}
rCold    . . .     Gourm    .   c - +0 shield
rNeg     . . .     Faith    .   P - +0 crystal plate armour
rPois    .         Spirit   .   (helmet unavailable)
rElec    .         Reflect  .   E - +1 cloak
rCorr    .         Harm     .   (no gloves)
MR       +++..                  (no boots)
Stlth    ..........             w - amulet of magic regeneration
HPRegen  0.26/turn              y - ring of protection from magic
MPRegen  0.38/turn              F - ring of protection from magic

@: no status effects
A: permanent stasis, dig shafts and tunnels, four strong arms, antennae 3
a: Dig, Shaft Self, Minor Destruction, Lesser Servant of Makhleb, Major
Destruction, Greater Servant of Makhleb, Renounce Religion


You were on level 10 of the Dungeon.
You worshipped Makhleb.
Makhleb was extremely pleased with you.
You were not hungry.

You visited 1 branch of the dungeon, and saw 11 of its levels.
You also visited: Bailey.

You collected 978 gold pieces.

Inventory:

Hand Weapons
 t - a +0 hunting sling
 D - a +3 quarterstaff of chaos
 O - the +6 hand axe of Nagep (weapon) {chop, Str+3}
   (You found it on level 7 of the Dungeon)

   It inflicts extra damage upon your enemies.
   It affects your strength (+3).
 Q - a +4 battleaxe
Missiles
 h - 80 sling bullets
 i - 435 stones (quivered)
Armour
 c - a +0 shield (worn)
 s - a scarf of repulsion
 E - a +1 cloak (worn)
 J - a scarf of cloud immunity
 P - a +0 crystal plate armour (worn)
Magical Staves
 e - an uncursed staff of death {unknown}
 H - an uncursed staff of energy
Jewellery
 k - an uncursed ring of resist corrosion
 w - an amulet of magic regeneration (around neck)
 y - a ring of protection from magic (left hand)
 C - an uncursed ring of protection from cold
 F - a ring of protection from magic (right hand)
 G - a +3 ring of intelligence
Wands
 A - a wand of random effects (18)
 I - a wand of clouds (6)
Scrolls
 a - a scroll of identify
 b - a scroll of magic mapping
 m - 4 scrolls of remove curse
 p - 5 scrolls of teleportation
 q - a scroll of immolation
 r - a scroll of blinking
 u - a scroll of fear
 L - a scroll of amnesia
Potions
 d - a potion of might
 g - 4 potions of lignification
 j - a potion of berserk rage
 l - 4 potions of flight
 n - a potion of agility
 o - 4 potions of curing {unknown}
 v - 7 potions of degeneration {unknown}
 x - 3 potions of brilliance {unknown}
 z - a potion of resistance {unknown}
 B - a potion of ambrosia {unknown}
 K - a potion of haste {unknown}
Miscellaneous
 N - a box of beasts
Comestibles
 f - 18 rations


   Skills:
 + Level 10.0 Fighting
 * Level 8.7(9.6) Axes
   Level 6.4(8.5) Maces & Flails
 + Level 10.1 Armour
 + Level 10.9 Shields


You had 11 spell levels left.
You didn't know any spells.
Your spell library contained the following spells:

 Spells                   Type           Power        Failure   Level  Hunger
 Throw Frost              Conj/Ice       #.....       100%        2    ###....
 Freeze                   Ice            #...         100%        1    ##.....
 Summon Ice Beast         Ice/Summ       #.......     100%        4    #####..
 Ozocubu's Armour         Chrm/Ice       #.......     100%        3    ####...
 Throw Icicle             Conj/Ice       #.......     100%        4    #####..


Dungeon Overview and Level Annotations

Branches:
Dungeon (11/15)            Temple (0/1) D:7            Lair (0/6) D:9
    Orc: D:9-12

Altars:
Elyvilon
Gozag
Hepliaklqana
Kikubaaqudgha
Makhleb
Nemelex Xobeh
Okawaru
Ru
Sif Muna
Uskayaw
Vehumet
Wu Jian
The Shining One

Shops:
D:6 [   D:8 (

Annotations:
D:4 2 transporters
D:6 3 runed doors, zilverxoul's ghost, novice GnSk


Innate Abilities, Weirdness & Mutations

You cannot be hasted, slowed, berserked, paralysed or teleported.
You can dig through walls and to a lower floor.
Your four strong arms can wield two-handed weapons with a shield.
You have a pair of large antennae on your head. (SInv)


Message History

You slash the white ugly thing!
The white ugly thing is heavily wounded.
The white ugly thing stings you but does no damage.
You hit the white ugly thing.
The white ugly thing is heavily wounded.
You block the white ugly thing's attack.
You slash the white ugly thing!
The white ugly thing is almost dead.
The white ugly thing barely misses you.
You hit the white ugly thing.
The white ugly thing is almost dead.
Your crystal plate armour prevents you from hitting the white ugly thing.
The white ugly thing is almost dead.
The white ugly thing completely misses you.
You hit the white ugly thing.
The white ugly thing is almost dead.
The white ugly thing stings you!
* * * LOW HITPOINT WARNING * * *
The white ugly thing freezes you!!
You die...

..# #.............# ##.....##
..## #.............## ##...##
...# ##.............# ##..##
#..## #.............###...#
#...######..............##.#.##
##......##..............♣≈..♣.###
#.......##..............♣P≈♣♣♣...
#........#......)......♣♣♣≈♣♣...#
.........#......@u....♣♣♣P≈P♣.♣##
#.......##......†...♣♣♣♣♣♣≈♣♣♣♣
##.....###..........PP♣P♣≈≈≈♣♣♣♣♣
.........#...........≈.≈≈.≈≈.≈≈≈.
...######...........♣♣.P♣≈≈.≈P♣♣P
#### ####........♣♣♣♣♣♣.P♣♣♣♣♣
####.......♣ ♣♣≈P♣ #..
###.....##♣P≈≈♣ ##. ##......♣≈≈P♣
##


You could see a white ugly thing.

Vanquished Creatures
  Pikel (D:5)
  An elephant (D:9)
  2 centaur zombies (D:8)
  A gargoyle (D:10)
  2 hellwings
  A troll (D:7)
  Grinder (D:6)
  5 hippogriffs
  A meliai zombie (D:8)
  6 yaks (D:9)
  A basilisk (D:9)
  A hungry ghost (D:8)
  2 water moccasins
  Duvessa (D:6)
  A black bear (D:7)
  An orc warrior (D:8)
  2 sky beasts (D:7)
  An eye of draining (D:9)
  4 slaves
  A necrophage (D:8)
  3 phantoms
  3 ogres
  4 centaurs
  A crocodile (D:9)
  4 bullfrogs
  A big kobold (D:8)
  8 gnoll sergeants (Bailey)
  2 wyvern zombies (D:8)
  Dowan (D:6)
  A water moccasin skeleton (D:9)
  A scorpion (D:4)
  16 killer bees
  9 wights
  A howler monkey (D:4)
  5 crimson imps
  A bullfrog zombie (D:9)
  6 hounds
  8 orc priests
  2 jellies
  Crazy Yiuf (D:3)
  4 centaur skeletons
  3 bullfrog skeletons
  6 gnoll shamans (Bailey)
  5 orc wizards
  3 iguanas
  6 worker ants
  A killer bee zombie (D:7)
  A hound skeleton (D:6)
  2 howler monkey zombies
  A howler monkey skeleton (D:5)
  11 adders
  22 gnolls
  6 shadow imps
  An ooze (D:1)
  2 adder skeletons
  2 worms (D:4)
  3 dart slugs
  4 leopard geckos
  40 orcs
  8 bats
  7 giant cockroaches
  8 goblins
  9 hobgoblins
  10 jackals
  13 kobolds
  4 quokkas
  A ball python (D:1)
  5 frilled lizards
  A jackal zombie (D:5)
  2 leopard gecko skeletons
  A leopard gecko zombie (D:7)
  A quokka skeleton (D:5)
  14 rats
321 creatures vanquished.

Notes
Turn   | Place    | Note
-------+----------+-------------------------------------------
     0 | D:1      | Blackhawk the Formicid Fighter began the quest for the Orb.
     0 | D:1      | Reached XP level 1. HP: 18/18 MP: 1/1
   130 | D:1      | Reached XP level 2. HP: 17/24 MP: 2/2
   567 | D:1      | Reached XP level 3. HP: 29/29 MP: 3/3
   962 | D:2      | Found an opulent altar of Gozag.
  1274 | D:2      | Found a radiant altar of Vehumet.
  1274 | D:2      | Found a burning altar of Makhleb.
  1342 | D:2      | Became a worshipper of Makhleb the Destroyer
  1440 | D:2      | Reached XP level 4. HP: 37/37 MP: 4/4
  1583 | D:2      | Found a deep blue altar of Sif Muna.
  1583 | D:2      | Found a white marble altar of Elyvilon.
  1587 | D:2      | Found a hide-covered altar of Uskayaw.
  2265 | D:3      | Reached * piety under Makhleb
  2269 | D:3      | Reached XP level 5. HP: 40/42 MP: 5/5
  2473 | D:3      | Found a runed door.
  2763 | D:3      | Noticed Crazy Yiuf
  2770 | D:3      | Killed Crazy Yiuf
  3231 | D:4      | Reached XP level 6. HP: 47/49 MP: 6/6
  3262 | D:4      | Reached skill level 5 in Shields
  3494 | D:4      | Found a transporter.
  4048 | D:4      | Found a transporter.
  4171 | D:5      | Entered Level 5 of the Dungeon
  4171 | D:5      | Noticed an ogre
  4180 | D:4      | Killed an ogre
  4180 | D:4      | Reached skill level 5 in Fighting
  4180 | D:4      | Reached skill level 5 in Armour
  4180 | D:4      | Reached XP level 7. HP: 34/56 MP: 7/7
  4425 | D:4      | Reached ** piety under Makhleb
  4936 | D:5      | Noticed Pikel
  4945 | D:5      | Killed Pikel
  4945 | D:5      | Reached skill level 5 in Maces & Flails
  4945 | D:5      | Reached XP level 8. HP: 43/64 MP: 8/8
  5120 | D:5      | Found a sparkling altar of Nemelex Xobeh.
  5485 | D:5      | Found a glowing golden altar of the Shining One.
  5520 | D:5      | Found an ancient bone altar of Kikubaaqudgha.
  5782 | D:5      | Reached XP level 9. HP: 71/71 MP: 9/9
  6049 | D:6      | Reached *** piety under Makhleb
  6091 | D:6      | Found Caukk's Antique Armour Emporium.
  6104 | D:6      | Noticed Duvessa
  6104 | D:6      | Noticed Dowan
  6126 | D:6      | Killed Duvessa
  6138 | D:6      | Killed Dowan
  6295 | D:6      | Noticed zilverxoul's ghost (novice GnSk)
  6295 | D:6      | Noticed Grinder
  6308 | D:6      | Killed Grinder
  6322 | D:6      | Found a runed gate.
  6322 | D:6      | Found a runed gate.
  6322 | D:6      | Found a runed gate.
  6723 | D:6      | Found an iron altar of Okawaru.
  7076 | D:7      | Got a scorched hand axe
  7101 | D:7      | Identified the +6 hand axe of Nagep {chop, Str+3} (You found it on level 7 of the Dungeon)
  7233 | D:7      | Reached skill level 1 in Axes
  7339 | D:7      | Noticed a hippogriff
  7354 | D:7      | Killed a hippogriff
  7354 | D:7      | Reached XP level 10. HP: 41/80 MP: 10/10
  7543 | D:7      | Found an ornate altar of the Wu Jian Council.
  7799 | D:7      | Found a staircase to the Ecumenical Temple.
  8152 | D:8      | Found Huhah's Weapon Shoppe.
  8700 | D:8      | Reached skill level 5 in Axes
  8719 | D:8      | Reached **** piety under Makhleb
  8872 | D:8      | Reached XP level 11. HP: 80/89 MP: 11/11
  8981 | D:8      | Found a sacrificial altar of Ru.
  9212 | D:8      | Reached skill level 10 in Shields
  9429 | D:8      | Found a hazy altar of Hepliaklqana.
  9672 | D:9      | Noticed an elephant
  9791 | D:9      | Killed an elephant
  9797 | D:9      | Found a staircase to the Lair.
 10065 | D:9      | Found a flagged portal.
 10075 | D:9      | Reached ***** piety under Makhleb
 10082 | Bailey   | Entered a bailey
 11498 | D:10     | Entered Level 10 of the Dungeon
 11589 | D:10     | Reached skill level 10 in Armour
 11733 | D:10     | Reached skill level 10 in Fighting
 11810 | D:10     | Reached XP level 12. HP: 86/97 MP: 12/12
 12406 | D:11     | Noticed an unseen horror
 12568 | D:10     | Slain by a white ugly thing

Skill      XL: |  1  2  3  4  5  6  7  8  9 10 11 |
---------------+----------------------------------+-----
Shields        | 4 5 6 7 8 9 10 | 10.9
Armour         | 4 5 6 7 8 10 | 10.1
Fighting       | 4 5 6 7 9 10 | 10.0
Maces & Flails | 3 5 6 |  6.4
Axes           | 2 6 8 |  8.7

Action                   |  1- 3 |  4- 6 |  7- 9 | 10-12 || total
-------------------------+-------+-------+-------+-------++-------
Melee: Flail             |   110 |   220 |       |       ||   330
       Quarterstaff      |       |    27 |   243 |       ||   270
       Hand axe          |       |       |    54 |   662 ||   716
  Use: Scroll            |       |     9 |     7 |     2 ||    18
       Potion            |       |       |       |     2 ||     2
 Stab: Paralysed         |       |       |     3 |       ||     3
  Eat: Chunk             |     1 |    10 |    10 |    18 ||    39
Armor: Scale mail        |    49 |    81 |   105 |   157 ||   392
       Crystal plate arm |       |       |       |    55 ||    55
Dodge: Dodged            |    31 |    73 |    76 |   210 ||   390
Block: Shield            |    54 |   117 |   149 |   443 ||   763
